 Dungeon Crawl Stone Soup version 0.26-a0-651-gb41185065b (webtiles) character file.

Game seed: 13198565397878831256

12263 Flugslaktarn the Cleaver (level 11, -4/108 HPs)
             Began as a Deep Dwarf Fighter on Oct 8, 2020.
             Was an Elder of Makhleb.
             Slain by a ten-headed hydra (6 damage)
             ... on level 11 of the Dungeon.
             The game lasted 00:04:32 (5514 turns).

Flugslaktarn the Cleaver (Deep Dwarf Fighter)       Turns: 5514, Time: 00:04:33

Health: -4/108     AC: 16    Str: 23    XL:     11   Next: 60%
Magic:  15/15      EV: 10    Int:  8    God:    Makhleb [****..]
Gold:   589        SH: 10    Dex: 15    Spells: 10/10 levels left

rFire    . . .     SeeInvis .   a - +1 war axe
rCold    . . .     Faith    .   c - +0 kite shield
rNeg     . . .     Spirit   .   g - +1 storm dragon scales
rPois    .         Reflect  .   (no helmet)
rElec    +         Harm     .   (no cloak)
rCorr    +         Rampage  .   (no gloves)
MR       +++..                  (no boots)
Stlth    ..........             n - amulet of the acrobat
HPRegen  0.00/turn              m - ring of protection from magic
MPRegen  0.14/turn              k - ring of resist corrosion

@: non-regenerating
A: damage resistance, heal wounds, iridescent scales 1, agile 1, magic
resistance 1, sense surroundings 2, no regeneration
a: Heal Wounds, Minor Destruction, Lesser Servant of Makhleb, Major Destruction,
Renounce Religion


You were on level 11 of the Dungeon.
You worshipped Makhleb.
Makhleb was greatly pleased with you.
You visited 2 branches of the dungeon, and saw 12 of its levels.

You collected 589 gold pieces.

Inventory:

Hand Weapons
 a - a +1 war axe (weapon)
Armour
 b - a +0 scale mail
 c - a +0 kite shield (worn)
 g - +1 storm dragon scales (worn)
   (You found it on level 2 of the Dungeon)
Jewellery
 k - a ring of resist corrosion (right hand)
   (You found it on level 8 of the Dungeon)
 m - a ring of protection from magic (left hand)
   (You took it off a centaur on level 5 of the Dungeon)
 n - an amulet of the acrobat (around neck)
   (You found it on level 11 of the Dungeon)
Scrolls
 e - a scroll of acquirement {unknown}
 i - 3 scrolls of immolation
 l - 2 scrolls of fog
 p - a scroll of enchant armour
 r - a scroll of identify
 t - 2 scrolls of teleportation
 x - 4 scrolls of remove curse
 z - 2 scrolls of blinking
Potions
 d - a potion of might
 f - 2 potions of ambrosia
 h - a potion of haste
 j - a potion of mutation
 o - a potion of cancellation
 q - a potion of curing
 s - a potion of flight
 u - a potion of lignification {unknown}
 w - 2 potions of heal wounds


   Skills:
 * Level 9.8 Fighting
 * Level 11.2 Axes
 + Level 8.6 Armour
 + Level 7.6 Dodging
 - Level 3.6 Shields
 + Level 8.1 Invocations


You had 10 spell levels left.
You didn't know any spells.
Your spell library was empty.

Dungeon Overview and Level Annotations

Branches:
Dungeon (11/15)            Temple (1/1) D:5            Lair (0/6) D:8
    Orc: D:9-12

Altars:
Ashenzari
Cheibriados
Dithmenos
Fedhas
Gozag
Kikubaaqudgha
Makhleb
Nemelex Xobeh
Okawaru
Qazlal
Ru
Sif Muna
Trog
Uskayaw
Vehumet
Wu Jian
Xom
Yredelemnul
Zin
The Shining One

Shops:
D:4 *

Annotations:
D:3 1 transporter
D:10 3 runed translucent doors, Flugslaktarn's ghost, journeyman DDFi


Innate Abilities, Weirdness & Mutations

You are resistant to damage.
You can heal yourself by infusing magical energy.
You passively map the area around you.
You do not regenerate.
You are partially covered in iridescent scales. (AC +2)
You are agile. (Dex +2)
You are resistant to hostile enchantments. (MR+)


Message History

The ten-headed hydra bites you! The ten-headed hydra bites you.
The ten-headed hydra barely misses you. x2; The ten-headed hydra bites you!
* * * LOW HITPOINT WARNING * * *
The ten-headed hydra bites you.
* * * LOW HITPOINT WARNING * * *
The ten-headed hydra bites you.
* * * LOW HITPOINT WARNING * * *
You block the ten-headed hydra's attack.
The ten-headed hydra closely misses you.
A demon appears!
You block the ten-headed hydra's attack. x2
The ten-headed hydra bites you. The ten-headed hydra bites you!
* * * LOW HITPOINT WARNING * * *
The ten-headed hydra bites you!
* * * LOW HITPOINT WARNING * * *
You block the ten-headed hydra's attack.
The ten-headed hydra bites you!
* * * LOW HITPOINT WARNING * * *
The ten-headed hydra bites you!
You die...

........## * * * *
...#.#### ###.####.##
.....# ,.........#
...#.#######.#<.......#
..##.........#...(....###
**
.###.######..#.[.........
* ## #.# #..#........#* #
#.# #.....3.....# * #
#.#### *#.#3.@D....# * ,
, # #....# #.#.#####...$.
, # ##.#.## #.....# ### *
** # #.....# #.....###. *
##.....###.......... *
....._..........#.#.# ,*
#.#).....##......#.# * *
* # ##.....##.##.### #
##.#####.##.###.#.#,* *


You could see a ten-headed hydra, a friendly neqoxec (summoned) and a friendly
ynoxinul (summoned).

Vanquished Creatures
  3 two-headed ogres
  An unseen horror (D:10)
  Pikel (D:7)
  A cyclops (D:11)
  2 centaur zombies
  A guardian serpent (D:9)
  2 centaur skeletons
  A komodo dragon (D:10)
  A troll (D:10)
  2 hippogriffs
  Sigmund (D:4)
  A wyvern (D:9)
  3 water moccasins
  A soldier ant (D:8)
  A black bear (D:11)
  4 ice beasts
  4 sky beasts
  An orc warrior (D:10)
  7 ogres
  3 necrophages
  2 phantoms
  9 centaurs
  3 lemures (D:7)
  Blork the orc (D:4)
  A big kobold (D:10)
  3 bullfrogs
  2 gnoll sergeants
  2 elf skeletons (D:5)
  3 scorpions
  5 killer bees (D:11)
  10 wights
  An electric eel (D:7)
  A bullfrog zombie (D:5)
  2 quasits (D:9)
  2 human zombies (D:5)
  5 hounds
  6 jellies
  3 iguanas
  7 orc priests
  11 orc wizards
  Terence (D:2)
  13 worker ants
  3 hound zombies
  2 hound skeletons (D:7)
  A worker ant zombie (D:5)
  18 gnolls
  12 adders
  2 white imps (D:7)
  3 ufetubi
  3 oozes
  An adder skeleton (D:9)
  4 worms
  A dart slug (D:2)
  3 leopard geckos
  22 orcs
  2 bats
  2 giant cockroaches
  6 goblins
  8 hobgoblins
  10 jackals
  7 kobolds
  6 quokkas
  2 frilled lizards
  2 orc skeletons (D:5)
  A quokka zombie (D:9)
  5 rats
260 creatures vanquished.

Vanquished Creatures (others)
  A wizard (D:4)
  A fungus (D:10)
  7 plants
9 creatures vanquished.

Grand Total: 269 creatures vanquished

Notes
Turn   | Place    | Note
-------+----------+-------------------------------------------
     0 | D:1      | Flugslaktarn the Deep Dwarf Fighter began the quest for the
                  | Orb.
     0 | D:1      | Reached XP level 1. HP: 20/20 MP: 1/1
    50 | D:1      | Reached XP level 2. HP: 27/27 MP: 2/2
   304 | D:2      | Reached XP level 3. HP: 27/34 MP: 3/3
   309 | D:2      | Reached skill level 3 in Axes
   382 | D:2      | Found a sacrificial altar of Ru.
   433 | D:2      | Noticed Terence
   444 | D:2      | Killed Terence
   444 | D:2      | Reached XP level 4. HP: 34/42 MP: 4/4
   521 | D:3      | Found a transporter.
   558 | D:3      | Reached skill level 1 in Dodging
   722 | D:3      | Reached XP level 5. HP: 34/50 MP: 5/5
   801 | D:4      | Reached skill level 4 in Axes
   842 | D:4      | Found a glowing silver altar of Zin.
   860 | D:4      | Noticed Blork the orc
   899 | D:4      | Killed Blork the orc
   946 | D:4      | Found a bloodstained altar of Trog.
   994 | D:4      | Found Gozag's Platinum Reserve.
   994 | D:4      | Found an opulent altar of Gozag.
  1048 | D:4      | Noticed an ogre
  1056 | D:4      | Killed an ogre
  1056 | D:4      | Reached XP level 6. HP: 31/58 MP: 6/6
  1056 | D:4      | Noticed Sigmund
  1071 | D:4      | Killed Sigmund
  1071 | D:4      | Reached skill level 5 in Axes
  1071 | D:4      | Reached XP level 7. HP: 42/66 MP: 7/7
  1134 | D:4      | Found a sacrificial altar of Ru.
  1226 | D:4      | Noticed a wizard
  1230 | D:4      | Killed a wizard
  1360 | D:5      | Entered Level 5 of the Dungeon
  1435 | D:5      | Reached skill level 5 in Fighting
  1482 | D:5      | Reached skill level 6 in Axes
  1482 | D:5      | Reached skill level 5 in Armour
  1505 | D:5      | Found an ancient bone altar of Kikubaaqudgha.
  1575 | D:5      | Found a staircase to the Ecumenical Temple.
  1630 | Temple   | Entered the Ecumenical Temple
  1771 | Temple   | Became a worshipper of Makhleb the Destroyer
  1836 | D:5      | Reached XP level 8. HP: 73/75 MP: 8/8
  1874 | D:5      | Reached skill level 1 in Invocations
  2046 | D:5      | Found a sand-covered staircase.
  2351 | D:6      | Reached skill level 7 in Axes
  2701 | D:6      | Gained mutation: You are agile. (Dex +2) [potion of
                  | mutation]
  2701 | D:6      | Gained mutation: You are partially covered in iridescent
                  | scales. (AC +2) [potion of mutation]
  2701 | D:6      | Gained mutation: You are resistant to hostile enchantments.
                  | (MR+) [potion of mutation]
  2839 | D:7      | Reached * piety under Makhleb
  2839 | D:7      | Gained mutation: You passively map the area around you.
                  | [Deep Dwarf growth]
  2839 | D:7      | Reached XP level 9. HP: 63/85 MP: 10/10
  3086 | D:7      | Noticed Pikel
  3118 | D:7      | Killed Pikel
  3118 | D:7      | Reached skill level 8 in Axes
  3118 | D:7      | Reached skill level 5 in Dodging
  3140 | D:7      | Found a shadowy altar of Dithmenos.
  3288 | D:7      | Found an iron altar of Okawaru.
  3417 | D:8      | Found a staircase to the Lair.
  3431 | D:8      | Reached skill level 5 in Invocations
  3484 | D:8      | Reached skill level 9 in Axes
  3485 | D:8      | Reached XP level 10. HP: 87/96 MP: 9/13
  3796 | D:9      | Reached ** piety under Makhleb
  3816 | D:9      | Noticed a guardian serpent
  3831 | D:9      | Killed a guardian serpent
  4243 | D:9      | Reached *** piety under Makhleb
  4443 | D:10     | Entered Level 10 of the Dungeon
  4511 | D:10     | Reached skill level 10 in Axes
  4653 | D:10     | Killed an unseen horror
  4721 | D:10     | Noticed a two-headed ogre
  4730 | D:10     | Killed a two-headed ogre
  4730 | D:10     | Reached XP level 11. HP: 89/106 MP: 15/15
  4945 | D:10     | Noticed a two-headed ogre
  4958 | D:10     | Killed a two-headed ogre
  4986 | D:10     | Reached **** piety under Makhleb
  5206 | D:10     | Found a runed translucent gate.
  5206 | D:10     | Found a runed translucent gate.
  5206 | D:10     | Found a runed translucent gate.
  5209 | D:10     | Noticed Flugslaktarn's ghost (journeyman DDFi)
  5212 | D:10     | Identified the +3 dagger of the Crawling Thing {chaos, MP+9
                  | Str-4 Dex+7}
  5213 | D:10     | Found the +2 cloak of the Thief {*Fog Slay-2 SInv Stlth+}
  5272 | D:11     | Reached skill level 11 in Axes
  5404 | D:11     | Noticed a two-headed ogre
  5414 | D:11     | Killed a two-headed ogre
  5445 | D:11     | Found a sparkling altar of Nemelex Xobeh.
  5502 | D:11     | Noticed an eight-headed hydra
  5514 | D:11     | HP: 2/108 [ten-headed hydra (6)]
  5514 | D:11     | Slain by a ten-headed hydra

Illustrated notes

Levels and vault maps discovered:
D:1:      dpeg_arrival_rhombus, layout_loops_corners
D:2:      layout_loops_ring, overflow_temple_1_default,
          nicolae_ru_the_path_less_chosen, uniq_terence
D:3:      layout_basic, overflow_temple_1_default, portal_sewer_entry_a,
          gammafunk_ghost_gnarly_gnolls, minmay_misc_feat_room,
          minmay_misc_feat_encased
D:4:      layout_rooms, nicolae_gozag_zags_fifth_avenue,
          nicolae_overflow_crystal_walls, kennysheep_little_box, st_stairs_7,
          trog_wizard, uniq_blork_the_orc, uniq_sigmund
D:5:      layout_basic, kiku_gazebo_pond_becter, minmay_temple_entry_nine_rooms,
          nicolae_ossuary_entry_catacombs
D:6:      layout_rooms, minivault_23
D:7:      layout_basic, basic_altar, minivault_14, okawaru_metal_pillars_1_2,
          uniq_pikel
D:8:      layout_rooms, lair_entry_dummy
D:9:      layout_roguey, nrook_guardian_serpent_ordinary
D:10:     layout_roguey, gammafunk_ghost_nasty_kobolds
D:11:     layout_loops_ring, basic_altar
Temple:   eino_temple_rhombus

Skill      XL: |  1  2  3  4  5  6  7  8  9 10 11 |
---------------+----------------------------------+-----
Fighting       | 3 4 5 6 7 9 |  9.8
Axes           | 3 4 5 6 7 9 10 11 | 11.2
Dodging        | 1 2 3 4 5 6 7 |  7.6
Armour         | 4 5 6 8 |  8.6
Invocations    | 3 5 7 8 |  8.1
Shields        | |  3.6

Action                   |  1- 3 |  4- 6 |  7- 9 | 10-12 || total
-------------------------+-------+-------+-------+-------++-------
Melee: War axe           |    72 |   155 |   406 |   446 ||  1079
Invok: Lesser Servant of |       |       |       |     2 ||     2
 Abil: Heal Wounds       |       |     4 |    12 |     4 ||    20
  Use: Scroll            |       |       |    14 |     2 ||    16
       Potion            |       |       |     4 |     1 ||     5
Armor: Scale mail        |    23 |       |       |       ||    23
       Storm dragon scal |     8 |    78 |   260 |   263 ||   609
Dodge: Dodged            |    20 |    30 |   166 |   171 ||   387
Block: Kite shield       |    36 |    80 |   229 |   254 ||   599

Table legend: (Time is in decaauts)
 A = Elapsed time spent in this place.
 B = Non-inter-level travel time spent in this place.
 C = Inter-level travel time spent in this place.
 D = Time resting spent in this place.
 E = Time spent auto-exploring this place.
 F = Levels seen in this place.
 G = Mean time per level.
                   A        B        C        D        E       F      G
               +--------+--------+--------+--------+--------+-----+--------+
         Total |   5711 |   5473 |    238 |     41 |   3477 |  12 |  475.9 |
       Dungeon |   5553 |   5341 |    212 |     41 |   3347 |  11 |  504.8 |
        Temple |    157 |    132 |     25 |      0 |    130 |   1 |  157.0 |
               +--------+--------+--------+--------+--------+-----+--------+

Top non-repeatable levels by time:
    D:10: 801 daAuts
     D:5: 749 daAuts
     D:9: 662 daAuts
     D:4: 622 daAuts
     D:7: 596 daAuts
     D:6: 574 daAuts
     D:8: 431 daAuts
     D:3: 288 daAuts
    D:11: 284 daAuts
     D:2: 284 daAuts
     D:1: 257 daAuts
  Temple: 157 daAuts
